 Dungeon Crawl Stone Soup version 0.30-a0-1008-g30c9307041 (webtiles) character file.

Game seed: 9171509996880949714

422 Maxmaps the Covered (level 6, -7/63 (73) HPs)
             Began as a Demonspawn Monk on Apr 5, 2023.
             Mangled by a gnoll
             ... wielding a +2 flail of draining
              (9 damage)
             ... on level 4 of the Dungeon.
             The game lasted 00:04:01 (3205 turns).

Maxmaps the Covered (Demonspawn Monk)               Turns: 3205, Time: 00:04:02

HP:   -7/63 (73)    AC: 23    Str: 11    XL:     6   Next: 63%
MP:   6/6           EV:  2    Int: 19    God:
Gold: 162           SH:  0    Dex: 19    Spells: 5/5 levels left

rFire   . . .      SeeInvis .    g - +3 dagger (venom)
rCold   . . .      Faith    .    (no shield)
rNeg    . . .      Spirit   .    d - melded +0 robe {rC+ rF+}
rPois   +          Reflect  .    (helmet currently unavailable)
rElec   .          Rampage  .    (cloak currently unavailable)
rCorr   +          NoTele   +    (gloves currently unavailable)
Will    .....                    (boots currently unavailable)
Stlth   ++                       (no amulet)
HPRegen 0.30/turn                e - +6 ring of intelligence
MPRegen 0.10/turn                f - ring "Qobiun" {rCorr Dex+3}

@: tree-form, heavily drained
A: stationary, stasis, torment immunity, boosted hp, rugged brown scales 1,
demonic guardian 1, (demonic touch 2)
a: no special abilities


You were on level 4 of the Dungeon.
You were a tree.
You visited 1 branch of the dungeon, and saw 4 of its levels.

You collected 162 gold pieces.

Inventory:

Hand Weapons
 g - a +3 dagger of venom (weapon)
Armour
 a - a +1 robe
 d - a +0 robe of resistance (melded)
Jewellery
 e - a +6 ring of intelligence (left branch)
 f - the ring "Qobiun" (right branch) {rCorr Dex+3}
   (You found it on level 3 of the Dungeon)

   [ring of resist corrosion]

   Dex:       It affects your dexterity (+3).
   rCorr:     It protects you from acid and corrosion.
 n - a ring of protection from fire
Wands
 l - a wand of roots (8)
Scrolls
 i - a scroll of fear {unknown}
 k - 3 scrolls of identify
 p - a scroll of enchant armour
 q - a scroll of blinking {unknown}
Potions
 b - 2 potions of ambrosia
 c - 3 potions of flight
 h - 2 potions of degeneration
 m - a potion of heal wounds {unknown}
 o - a potion of magic


   Skills:
 + Level 4.2 Fighting
 - Level 5.0 Armour
 - Level 3.1 Dodging
 - Level 1.7 Stealth
 - Level 3.0 Unarmed Combat


You had 5 spell levels left.
You didn't know any spells.
Your spell library contained the following spells:

 Spells                   Type           Power      Damage    Failure   Level
 Frozen Ramparts          Ice            0%         1d1       52%         3
 Ice Form                 Ice/Tmut       0%         N/A       90%         4
 Summon Ice Beast         Ice/Summ       0%         N/A       90%         4


Dungeon Overview and Level Annotations

Branches:
Dungeon (4/15)
 Temple: D:4-7

Altars:
Dithmenos
Wu Jian

Shops:
D:2 ?!   D:3 (


Innate Abilities, Weirdness & Mutations

You are a tree.
Your roots penetrate the ground, keeping you stationary.
You cannot be teleported.
You are immune to unholy pain and torment.
Your maximum health is greatly increased.
Your equipment is partially melded.
(You are partially covered in rugged brown scales. (AC +1, +3% HP))
A weak demonic guardian rushes to your aid.
((Your touch may inflict irresistible damage on your foes.))


Message History

You barely miss the gnoll. The gnoll closely misses you.
You hit the gnoll.
The gnoll is moderately wounded.
A gnoll comes into view. It is wielding a +0 whip.
The gnoll hits you with a +2 flail of draining.
You feel drained.
Your white imp blows smoke rings.
You closely miss the gnoll.
The gnoll is moderately wounded.
The gnoll misses you.
You hit the gnoll.
The gnoll is moderately wounded.
The gnoll misses you.
You hit the gnoll but do no damage.
The gnoll is poisoned.
The gnoll is moderately wounded.
The gnoll hits you with a +2 flail of draining.
* * * LOW HITPOINT WARNING * * *
You feel drained.
* * * LOW HITPOINT WARNING * * *
You swap places.
Your white imp disappears in a puff of smoke!
The gnoll attacks as you move away!
The gnoll hits you with a +2 flail of draining!
* * * LOW HITPOINT WARNING * * *
You feel drained.
* * * LOW HITPOINT WARNING * * *
Really quaff the potion of lignification?
You turn into a tree.
Your +0 robe of resistance melds into your body.
You feel hot and cold all over.
Your roots penetrate the ground.
The gnoll hits you with a +2 flail of draining.
* * * LOW HITPOINT WARNING * * *
A demonic guardian appears!
You feel drained.
You closely miss the gnoll.
The gnoll is severely wounded.
The gnoll hits you but does no damage.
You feel drained.
You hit the gnoll but do no damage.
The gnoll looks even sicker.
The gnoll is severely wounded.
The gnoll hits you with a +2 flail of draining!
You die...

##### # ....# #. #
...># .#########.#
....# ..##5♣gg).#
#..# #.##.######
##..##### #.##.#
....<##.# #....#
##..###.####.##.#
##...........##.#
.................#
.#...........###.#
.#..###..........#


You could see 2 gnolls and a friendly ufetubus (summoned).

Vanquished Creatures
  Sigmund (D:2)
  A black bear (D:3)
  An orc wizard (D:3)
  6 gnolls
  3 adders
  An ufetubus (D:4)
  A dart slug (D:1)
  5 orcs (D:3)
  9 bats
  5 endoplasms
  2 giant cockroaches
  3 goblins
  2 hobgoblins
  3 kobolds
  A quokka (D:3)
  2 ball pythons
  2 frilled lizards (D:1)
  5 rats
53 creatures vanquished.

Vanquished Creatures (others)
  11 plants (D:2)
11 creatures vanquished.

Grand Total: 64 creatures vanquished

Notes
Turn   | Place    | Note
-------+----------+-------------------------------------------
     0 | D:1      | Maxmaps the Demonspawn Monk began the quest for the Orb.
     0 | D:1      | Reached XP level 1. HP: 18/18 MP: 1/1
   492 | D:1      | Gained mutation: Your touch may inflict minor irresistible
                  | damage on your foes. [demonic ancestry]
   492 | D:1      | Reached XP level 2. HP: 22/24 MP: 2/2
   939 | D:2      | Noticed Sigmund
  1088 | D:2      | Killed Sigmund
  1089 | D:2      | Reached skill level 4 in Armour
  1089 | D:2      | Gained mutation: A weak demonic guardian rushes to your
                  | aid. [demonic ancestry]
  1089 | D:2      | Reached XP level 3. HP: 23/29 MP: 3/3
  1089 | D:2      | Reached XP level 4. HP: 27/35 MP: 4/4
  1089 | D:2      | Gained mutation: You are partially covered in rugged brown
                  | scales. (AC +1, +3% HP) [demonic ancestry]
  1089 | D:2      | Reached XP level 5. HP: 27/42 MP: 5/5
  1530 | D:2      | Found Atukh's Distillery.
  1596 | D:2      | Found Zaenened's Magic Scroll Emporium.
  2270 | D:3      | Identified the ring "Qobiun" {rCorr Dex+3}
  2531 | D:3      | Reached skill level 5 in Armour
  2531 | D:3      | Gained mutation: Your touch may inflict irresistible damage
                  | on your foes. [demonic ancestry]
  2531 | D:3      | Reached XP level 6. HP: 39/48 MP: 6/6
  2951 | D:3      | Found Haamaul's Weapon Shop.
  3058 | D:3      | Found a shadowy altar of Dithmenos.
  3071 | D:3      | Found an ornate altar of the Wu Jian Council.
  3202 | D:4      | HP: 2/46 [gnoll/+2 flail of draining (8)]
  3205 | D:4      | Mangled by a gnoll

Illustrated notes

Levels and vault maps discovered:
D:1:      minmay_arrival_diagonal_passages, layout_loops_corners,
          grunt_decor_arrowhead
D:2:      layout_basic, serial_shops, nicolae_shop_statue_plus, shop,
          chequers_big_river, uniq_sigmund
D:3:      layout_loops_ring, amethyst_overflow_temple_binary, serial_shops,
          nicolae_shop_trees
D:4:      layout_basic, kennysheep_slug_shrine, chequers_avenue,
          dk_noncrumbling_3

Skill      XL: |  1  2  3  4  5  6 |
---------------+-------------------+-----
Unarmed Combat | 3 |  3.0
Dodging        | 3 |  3.1
Armour         | 4 5 |  5.0
Fighting       | 4 |  4.2
Stealth        | |  1.7

Action                     |  1- 3 |  4- 6 || total
---------------------------+-------+-------++-------
  Melee: Unarmed           |    18 |       ||    18
         Dagger            |    23 |    92 ||   115
         Punch             |     1 |     1 ||     2
         Touch             |     2 |    15 ||    17
    Use: Scroll            |     3 |     5 ||     8
         Potion            |     3 |     2 ||     5
   Stab: Sleeping          |     2 |     5 ||     7
 Armour: Robe              |     8 |    19 ||    27
         Skin              |       |     1 ||     1
  Dodge: Dodged            |    20 |    71 ||    91

Table legend: (Time is in decaauts)
 A = Elapsed time spent in this place.
 B = Non-inter-level travel time spent in this place.
 C = Inter-level travel time spent in this place.
 D = Time resting spent in this place.
 E = Time spent auto-exploring this place.
 F = Levels seen in this place.
 G = Mean time per level.
                   A        B        C        D        E       F      G
               +--------+--------+--------+--------+--------+-----+--------+
         Total |   3220 |   3095 |    125 |    452 |   2108 |   4 |  805.0 |
       Dungeon |   3220 |   3095 |    125 |    452 |   2108 |   4 |  805.0 |
               +--------+--------+--------+--------+--------+-----+--------+

Top non-repeatable levels by time:
     D:2: 1333 daAuts
     D:3: 919 daAuts
     D:1: 910 daAuts
     D:4: 56 daAuts
